 Dungeon Crawl Stone Soup version 0.25.0-15-gac7dcb8 (webtiles) character file.

Game seed: 7156498980913855004

5189 BarkingLeaf the Impaler (level 10, -1/74 HPs)
             Began as a Merfolk Gladiator on June 28, 2020.
             Was an Elder of Wu Jian.
             Slain by a nine-headed hydra (11 damage)
             ... on level 9 of the Dungeon.
             The game lasted 00:29:39 (8705 turns).

BarkingLeaf the Impaler (Merfolk Gladiator)         Turns: 8705, Time: 00:29:40

Health: -1/74      AC:  7    Str: 22 (23) XL:     10   Next: 60%
Magic:  0/19       EV: 19    Int:  8      God:    Wu Jian [****..]
Gold:   250        SH:  0    Dex: 21      Spells: 9/9 levels left

rFire    x . .     SeeInvis .   A - +4 glaive of Untimely Demise {venom, rElec rF- rN+ Str+3}
rCold    . . .     Gourm    .   (shield currently unavailable)
rNeg     + . .     Faith    .   o - +0 leather armour
rPois    .         Spirit   +   u - +1 helmet
rElec    +         Reflect  .   (no cloak)
rCorr    .         Harm     .   l - +0 pair of gloves
MR       .....     Clarity  +   n - +0 pair of boots
Stlth    ++++......             j - amulet of guardian spirit
HPRegen  0.22/turn              h - ring of magical power
MPRegen  0.16/turn              p - +6 ring of strength

@: mighty
A: change form in water, swift swim, stealthy swim, fangs 1, agile 1, clarity,
deterioration 1
a: Wall Jump, Serpent's Lash, Renounce Religion


You were on level 9 of the Dungeon.
You worshipped Wu Jian.
Wu Jian was greatly pleased with you.
You were not hungry.

You visited 2 branches of the dungeon, and saw 10 of its levels.
You also visited: Sewer.

You collected 537 gold pieces.
You spent 287 gold pieces at shops.

Inventory:

Hand Weapons
 a - the +8 spear of Veuhom {elec, Dex+5}
   (You found it on level 8 of the Dungeon)

   Occasionally, upon striking a foe, it will discharge some electrical energy
   and cause terrible harm.
   It affects your dexterity (+5).
 A - the +4 glaive of Untimely Demise (weapon) {venom, rElec rF- rN+ Str+3}
   (You bought it in a shop on level 6 of the Dungeon)

   It poisons the flesh of those it strikes.
   It affects your strength (+3).
   It makes you vulnerable to fire.
   It insulates you from electricity.
   It protects you from negative energy.
Missiles
 d - 4 throwing nets (quivered)
Armour
 l - a +0 pair of gloves (worn)
 n - a +0 pair of boots (worn)
 o - a +0 leather armour (worn)
 u - a +1 helmet (worn)
Jewellery
 h - a ring of magical power (left hand)
 i - a cursed ring of teleportation {unknown}
 j - an amulet of guardian spirit (around neck)
 p - a +6 ring of strength (right hand)
 r - an uncursed ring of magical power
 w - an uncursed ring of protection from magic {unknown}
 C - a cursed amulet of reflection
Wands
 b - a wand of random effects (32)
 x - a wand of digging (4)
Scrolls
 c - 2 scrolls of fog
 e - 4 scrolls of amnesia
 g - a scroll of identify
 k - 2 scrolls of fear
 m - 3 scrolls of remove curse
 s - a scroll of teleportation {unknown}
 y - a scroll of enchant armour
Potions
 q - 4 potions of heal wounds
 t - 3 potions of berserk rage
 v - a potion of haste
 z - a potion of might
 D - a potion of lignification
 E - 2 potions of resistance
 F - a potion of magic {unknown}
 G - a potion of brilliance {unknown}
Comestibles
 f - 24 rations
 B - 4 chunks of flesh


   Skills:
 + Level 5.1 Fighting
 * Level 15.6 Polearms
 - Level 2.0 Throwing
 * Level 9.1 Dodging
 * Level 8.3 Stealth
 + Level 0.7 Evocations


You had 9 spell levels left.
You didn't know any spells.
Your spell library was empty.

Dungeon Overview and Level Annotations

Branches:
Dungeon (9/15)             Temple (1/1) D:7           Sewer (visited)
   Lair: D:8-11         Orc: D:9-12

Altars:
Ashenzari
Cheibriados
Dithmenos
Elyvilon
Fedhas
Gozag
Hepliaklqana
Kikubaaqudgha
Makhleb
Nemelex Xobeh
Okawaru
Qazlal
Ru
Sif Muna
Trog
Uskayaw
Vehumet
Wu Jian
Xom
Yredelemnul
Zin
The Shining One
Beogh

Shops:
D:6 (   D:8 *


Innate Abilities, Weirdness & Mutations

You revert to your normal form in water.
You are very nimble and swift while swimming.
You are very stealthy in the water. (Stealth+)
You have very sharp teeth.
You are agile. (Dex +2)
You possess an exceptional clarity of mind.
Your body sometimes deteriorates upon taking damage.


Message History

The seven-headed hydra grows two more!
You hit the nine-headed hydra.
The nine-headed hydra looks as sick as possible!
The nine-headed hydra is moderately wounded.
You feel very mighty all of a sudden. The nine-headed hydra bites you!
The nine-headed hydra bites you.
* * * LOW HITPOINT WARNING * * *
The nine-headed hydra completely misses you.
The nine-headed hydra bites you but does no damage. x3
The nine-headed hydra bites you.
* * * LOW HITPOINT WARNING * * *
The nine-headed hydra bites you!
* * * LOW HITPOINT WARNING * * *
The nine-headed hydra bites you!
* * * LOW HITPOINT WARNING * * *
You feel much better. The nine-headed hydra bites you!
* * * LOW HITPOINT WARNING * * *
The nine-headed hydra bites you but does no damage.
The nine-headed hydra barely misses you.
The nine-headed hydra bites you!
You die...

....# #.........# #...........
....# #....}....# #...........
....# #..#####..# #...........
....# #..# #...........
....####..# #..# #.......)...
..........# #..# #...........
...#####..# #.Z# #.........÷.
...# #########D# #...........
...# #...)...#@# #...........
...#####.♣.♣.♣.#.#####...........
.......#.......#...........[.....
##.###.'......>#.................
#.# ###.......#.................
#.# #.♣.♣.♣.#######...........
#.# #.......# #........... #.#
########## #<.......... #.# #..#
#.# #...........


You could see a nine-headed hydra (extremely poisoned) and a bullfrog skeleton.

Vanquished Creatures
  Psyche (D:8)
  4 hippogriffs
  The ghost of adizb the Conjurer, an amateur DECj of Ashenzari (D:4)
  A hungry ghost (D:9)
  2 water moccasins
  5 orc warriors
  An ice beast (D:5)
  A phantom (D:4)
  3 sky beasts
  2 black bears
  2 necrophages
  4 centaurs
  6 ogres
  A crocodile (D:9)
  A big kobold (D:9)
  2 bullfrogs
  4 crimson imps
  4 hounds
  A jelly (D:6)
  4 bullfrog skeletons (D:5)
  5 orc priests
  Terence (D:2)
  5 iguanas
  5 orc wizards
  A worker ant (D:7)
  Natasha (D:3)
  A hound skeleton (D:8)
  A worker ant zombie (D:5)
  4 gnolls (D:6)
  14 adders
  A shadow imp (D:5)
  2 oozes
  An adder zombie (D:9)
  An adder skeleton (D:9)
  A worm (D:6)
  2 dart slugs
  10 leopard geckos
  23 orcs
  4 ball pythons
  8 bats
  10 giant cockroaches
  7 goblins
  15 hobgoblins
  15 jackals
  6 kobolds
  5 quokkas
  14 frilled lizards
  A leopard gecko skeleton (D:4)
  A leopard gecko zombie (D:6)
  A quokka skeleton (D:6)
  16 rats
232 creatures vanquished.

Vanquished Creatures (others)
  A steam dragon (D:8)
1 creature vanquished.

Grand Total: 233 creatures vanquished

Notes
Turn   | Place    | Note
-------+----------+-------------------------------------------
     0 | D:1      | BarkingLeaf the Merfolk Gladiator began the quest for the
                  | Orb.
     0 | D:1      | Reached XP level 1. HP: 16/16 MP: 1/1
   131 | D:1      | Reached XP level 2. HP: 21/22 MP: 2/2
   419 | D:1      | Reached skill level 5 in Polearms
   419 | D:1      | Reached XP level 3. HP: 26/27 MP: 3/3
   762 | D:1      | You fall into a shaft and drop 1 floor!
   877 | D:2      | Reached skill level 5 in Dodging
  1302 | D:2      | Reached XP level 4. HP: 33/34 MP: 4/4
  1394 | D:2      | Reached skill level 1 in Stealth
  1452 | D:2      | Noticed Terence
  1467 | D:2      | Killed Terence
  1467 | D:2      | Reached skill level 6 in Polearms
  2336 | D:3      | Found an ornate altar of the Wu Jian Council.
  2342 | D:3      | Became a worshipper of the Wu Jian Council
  2363 | D:3      | Reached XP level 5. HP: 39/39 MP: 5/5
  2545 | D:3      | Noticed Natasha
  2567 | D:3      | Killed Natasha
  2760 | D:3      | Found a shimmering blue altar of Sif Muna.
  2760 | D:3      | Found a basalt altar of Yredelemnul.
  2762 | D:3      | Found a glowing silver altar of Zin.
  2938 | D:4      | Found a runed translucent door.
  2939 | D:4      | Noticed adizb's ghost (amateur DECj)
  2962 | D:4      | Killed adizb's ghost
  2962 | D:4      | Reached skill level 7 in Polearms
  2962 | D:4      | Reached XP level 6. HP: 32/46 MP: 6/6
  3126 | D:4      | Reached * piety under Wu Jian
  3142 | D:4      | Reached skill level 8 in Polearms
  3325 | D:4      | Noticed a phantom
  3346 | D:4      | Killed a phantom
  3346 | D:4      | Reached XP level 7. HP: 51/51 MP: 7/7
  3480 | D:4      | Reached skill level 9 in Polearms
  3632 | D:4      | Found a blossoming altar of Fedhas.
  3754 | D:4      | Found a roughly hewn altar of Beogh.
  3920 | D:5      | Entered Level 5 of the Dungeon
  4031 | D:5      | Reached skill level 10 in Polearms
  4031 | D:5      | Reached XP level 8. HP: 49/58 MP: 8/8
  4336 | D:5      | Reached ** piety under Wu Jian
  4595 | D:5      | Reached skill level 11 in Polearms
  4631 | D:5      | Reached skill level 5 in Stealth
  4788 | D:5      | Reached skill level 12 in Polearms
  4907 | D:5      | Found a shattered altar of Ashenzari.
  4917 | D:5      | Reached XP level 9. HP: 65/65 MP: 9/9
  5009 | D:5      | Found a sacrificial altar of Ru.
  5109 | D:6      | Found Feughu's Antique Weapon Emporium.
  5181 | D:6      | Bought a masterwork glaive for 287 gold pieces
  5181 | D:6      | Identified the +4 glaive of Untimely Demise {venom, rElec
                  | rF- rN+ Str+3} (You bought it in a shop on level 6 of the
                  | Dungeon)
  5237 | D:6      | Found a glowing drain.
  5259 | Sewer    | Entered a sewer
  5404 | Sewer    | Reached *** piety under Wu Jian
  5424 | Sewer    | Gained mutation: You have very sharp teeth. [potion of
                  | mutation]
  5424 | Sewer    | Gained mutation: Your body sometimes deteriorates upon
                  | taking damage. [potion of mutation]
  5424 | Sewer    | Gained mutation: You possess an exceptional clarity of
                  | mind. [potion of mutation]
  5424 | Sewer    | Gained mutation: You are agile. (Dex +2) [potion of
                  | mutation]
  5710 | D:6      | Found an ancient bone altar of Kikubaaqudgha.
  5828 | D:6      | Reached skill level 13 in Polearms
  6429 | D:7      | Found a sparkling altar of Nemelex Xobeh.
  6664 | D:7      | Found a staircase to the Ecumenical Temple.
  6812 | Temple   | Entered the Ecumenical Temple
  6872 | D:7      | Reached skill level 14 in Polearms
  7036 | D:7      | Found a hazy altar of Hepliaklqana.
  7036 | D:7      | Found a bloodstained altar of Trog.
  7086 | D:8      | Found Vucrin's Demolitions Depot.
  7152 | D:8      | Found an iron altar of Okawaru.
  7168 | D:8      | Reached XP level 10. HP: 61/73 MP: 10/10
  7371 | D:8      | Got a jewelled spear
  7563 | D:8      | Noticed Psyche
  7568 | D:8      | Killed Psyche
  7568 | D:8      | Reached skill level 5 in Fighting
  7582 | D:8      | Reached **** piety under Wu Jian
  7656 | D:8      | Reached skill level 15 in Polearms
  8006 | D:8      | Identified the +8 spear of Veuhom {elec, Dex+5} (You found
                  | it on level 8 of the Dungeon)
  8688 | D:9      | Noticed a four-headed hydra
  8705 | D:9      | Slain by a nine-headed hydra

Illustrated notes

Levels and vault maps discovered:
D:1:      minmay_arrival_hallway, layout_loops_ring
D:2:      layout_loops_corners, uniq_terence
D:3:      layout_loops_corners, nicolae_overflow_crystal_walls, zin_statuary,
          chequers_temple_overflow_statue_of_worship, first_ration, uniq_natasha
D:4:      layout_rooms, old_standard_altar, ebering_ghost_reflecting_pool,
          kennysheep_orc_chapel
D:5:      layout_basic, lemuel_round_altar, cheibrodos_ashenzari_chains
D:6:      layout_cave_pools, overflow_temple_1_default, gup_sewer_entry_glass,
          serial_shops, shop, abandoned_shop, minmay_lizard_king
D:7:      layout_cave_pools, gammafunk_temple_overflow_wave,
          minmay_temple_entry_grid, basic_altar
D:8:      layout_loops_ring, grunt_ogre_cave, nicolae_blasting_shop,
          okawaru_trees_2, uniq_psyche
D:9:      layout_long_grid, erik_lair_dragon, serial_shops,
          kennysheep_little_box, corexii_checkpoint_a, grunt_ministairs_3,
          serial_bayou_pond_b
Temple:   nicolae_temple_no_exploring_needed

Skill      XL: |  1  2  3  4  5  6  7  8  9 10 |
---------------+-------------------------------+-----
Polearms       | 5 6 7 8 10 12 14 15 | 15.6
Dodging        | 5 6 7 8 9 |  9.1
Stealth        | 1 3 4 5 7 8 |  8.3
Fighting       | 3 4 5 |  5.1
Throwing       | |  2.0
Evocations     | |  0.7

Action                   |  1- 3 |  4- 6 |  7- 9 | 10-12 || total
-------------------------+-------+-------+-------+-------++-------
Melee: Trident           |   144 |   176 |   207 |       ||   527
       Tailslap          |       |     4 |    10 |       ||    14
       Glaive            |       |       |   134 |    87 ||   221
       Bite              |       |       |     8 |     6 ||    14
Throw: Throwing net      |       |     2 |       |       ||     2
Invok: Lunge             |       |     1 |     3 |     1 ||     5
       Whirlwind         |       |       |     5 |       ||     5
Evoke: Wand              |       |       |     8 |       ||     8
  Use: Scroll            |     1 |     6 |     9 |       ||    16
       Potion            |       |     2 |     4 |     2 ||     8
 Stab: Sleeping          |     5 |     5 |    11 |    13 ||    34
       Distracted        |       |     1 |     3 |     1 ||     5
  Eat: Chunk             |     1 |     7 |    10 |     4 ||    22
       Ration            |       |       |     1 |       ||     1
Armor: Leather armour    |    19 |    28 |    55 |     9 ||   111
Dodge: Dodged            |    71 |   102 |   202 |    53 ||   428
